 Dungeon Crawl Stone Soup version 0.32-a0-938-g40ac7a0f4d (webtiles) character file.

Game seed: 9509102647147290369

949 DEFE the Charlatan (level 8, -3/58 HPs)
             Began as a Coglin Fighter on Apr 15, 2024.
             Was a Believer of the Shining One.
             Killed from afar by a steam dragon (20 damage)
             ... with a ball of steam
             ... on level 5 of the Dungeon.
             The game lasted 00:02:58 (4780 turns).

DEFE the Charlatan (Coglin Fighter)                 Turns: 4780, Time: 00:02:59

Health: -3/58      AC: 13    Str: 18    XL:     8   Next: 13%
Magic:  5/8        EV:  4    Int:  8    God:    the Shining One [**....]
Gold:   197        SH:  6    Dex: 14    Spells: 7/7 levels left

rFire   . . .        a - +0 flail {Nakurtum}
rCold   . . .        s - +1 hammer (holy) {Jaydra}
rNeg    + . .        k - +0 plate armour
rPois   .            y - +0 helmet
rElec   .            q - +0 cloak
rCorr   .            (no gloves)
SInv    .            (no boots)
Will    .....        (amulet unavailable) Stlth
                     (ring unavailable)
HPRegen 0.29/turn    (ring unavailable)
MPRegen 0.11/turn    (no gizmo)

%: no passive effects
@: divinely shielded, glowing, revving
A: off-hand wielding, slow wielding, warmup strikes, no jewellery
a: Invent Gizmo, Renounce Religion, Divine Shield


You were on level 5 of the Dungeon.
You worshipped the Shining One.
The Shining One was pleased with you.
You visited 1 branch of the dungeon, and saw 5 of its levels.

You collected 197 gold pieces.

Inventory:

Hand Weapons
 a - a +0 flail (weapon) {Nakurtum}
 l - a +0 dagger of venom {Titus}
 r - a +0 hammer
 s - a +1 hammer of holy wrath (offhand) {Jaydra}
Armour
 b - a +0 scale mail
 c - a +0 buckler
 i - a +0 chain mail
 k - a +0 plate armour (worn)
 q - a +0 cloak (worn)
 y - a +0 helmet (worn)
Wands
 n - a wand of warping (12)
Scrolls
 g - a scroll of silence {unknown}
 j - a scroll of blinking {unknown}
 m - 6 scrolls of identify {unknown}
 p - a scroll of enchant armour {unknown}
 u - 2 scrolls of enchant weapon {unknown}
 v - a scroll of fear {unknown}
 w - 3 scrolls of teleportation {unknown}
 A - 3 scrolls of amnesia {unknown}
Potions
 d - a potion of might
 e - a potion of invisibility {unknown}
 f - a potion of resistance {unknown}
 h - 2 potions of heal wounds {unknown}
 o - 7 potions of curing {unknown}
 t - a potion of lignification {unknown}
 x - a potion of mutation {unknown}
 z - 2 potions of haste {unknown}


   Skills:
 - Level 3.0 Fighting
 + Level 6.4 Maces & Flails
 - Level 2.6 Armour
 - Level 2.1 Shields
 + Level 7.7 Evocations


You had 7 spell levels left.
You didn't know any spells.
Your spell library contained the following spells:

 Spells                   Type           Power      Damage    Failure   Level
 Shock                    Conj/Air       0%         1d3       100%        1
 Swiftness                Air            0%         N/A       100%        3
 Teleport Other           Tloc           0%         N/A       100%        3
 Airstrike                Air            0%         2d(0-16)  100%        4
 Dispersal                Tloc           0%         N/A       100%        6
 Gell's Gavotte           Tloc           0%         2d(11-16) 100%        6


Dungeon Overview and Level Annotations

Branches:
Dungeon (5/15)
 Temple: D:4-7

Altars:
Ashenzari
Trog
Wu Jian
The Shining One

Shops:
D:3 (


Innate Abilities, Weirdness & Mutations

You can wield a second weapon in your off-hand.
It takes a long time for you to wield or remove held weapons.
Your first few attacks do less damage.
You cannot equip rings or amulets.


Message History

No target in view!
No target in view!
HP restored.
Found a stone staircase leading down.
A steam dragon and an adder come into view.
Found 6 poisoned darts and a scroll labelled HEM NOMOSEARO.
The steam dragon hisses angrily.
The adder hisses angrily. 2 wights come into view.
A wight is wielding a +0 hand axe of flaming.
Found a club.
The steam dragon breathes steam at you.
The ball of steam hits the adder!
The adder dies!
The ball of steam hits you!!
You barely miss the steam dragon with your +0 flail.
You hit the steam dragon but do no damage.
The steam dragon bites you.
The steam dragon claws you but does no damage.
The wight hits you from afar with a +0 spear.
You partially resist.
You feel drained.
You sock the wight with your +0 flail!
The wight is severely damaged.
You hit the wight with your +1 hammer of holy wrath.
You destroy the wight!
The Shining One accepts your kill.
You feel better.
You are engulfed in a cloud of scalding steam.
A wight comes into view. It is wielding a +0 mace.
The wight hits you but does no damage. The steam dragon bites you!
* * * LOW HITPOINT WARNING * * *
The steam dragon completely misses you.
Your life force feels restored.
Unknown command.
Unknown command.
Okay, then.
Okay, then.
A divine shield forms around you! The wight completely misses you.
The steam dragon breathes steam at you. The ball of steam hits you!!
You die...

#.........
#####.......).
..##.............
..................
##.............?.z.
#..................
#...........)z.....
##..........@D......
#.......§§§§........ .
#........§§§.(.....#
#####.......§.######..##
..............##### .#
.................>.. .#
.................... #
.............##.....
#.......#### ###..


You could see a steam dragon (catching breath) and 2 wights.

Vanquished Creatures
  A wyvern (D:4)
  Eustachio (D:4)
  2 scorpions
  A wight (D:5)
  2 bombardier beetles (D:4)
  An orc priest (D:3)
  A hound (D:5)
  Crazy Yiuf (D:2)
  3 iguanas
  An orc wizard (D:3)
  11 gnolls
  4 adders
  A dart slug (D:1)
  A ribbon worm (D:3)
  3 orcs
  9 ball pythons
  6 bats
  6 endoplasms
  4 giant cockroaches
  4 hobgoblins
  6 jackals
  6 kobolds
  5 quokkas
  3 frilled lizards
  9 goblins
  10 rats
102 creatures vanquished.

Vanquished Creatures (others)
  An adder (D:5)
1 creature vanquished.

Grand Total: 103 creatures vanquished

Notes
Turn   | Place    | Note
-------+----------+-------------------------------------------
     0 | D:1      | DEFE the Coglin Fighter began the quest for the Orb.
     0 | D:1      | Reached XP level 1. HP: 18/18 MP: 1/1
   288 | D:1      | Reached XP level 2. HP: 23/24 MP: 2/2
   416 | D:1      | Found a faded altar of an unknown god.
   437 | D:1      | Prayed at the altar of an unknown god.
   437 | D:1      | Became a worshipper of the Shining One
   437 | D:1      | Reached * piety under the Shining One
   654 | D:1      | Reached XP level 3. HP: 29/29 MP: 3/3
  1208 | D:2      | Reached skill level 1 in Evocations
  1219 | D:2      | Reached XP level 4. HP: 26/35 MP: 4/4
  1225 | D:2      | Reached skill level 2 in Evocations
  1771 | D:2      | Found a runed translucent door.
  1772 | D:2      | Noticed Crazy Yiuf
  1778 | D:2      | Killed Crazy Yiuf
  1779 | D:2      | Reached skill level 3 in Evocations
  1779 | D:2      | Reached XP level 5. HP: 19/41 MP: 5/5
  2329 | D:3      | Found a broken altar of Ashenzari.
  2505 | D:3      | Found an ornate altar of the Wu Jian Council.
  2529 | D:3      | Reached ** piety under the Shining One
  2534 | D:3      | Reached skill level 4 in Evocations
  2694 | D:3      | Found Pipum's Weapon Boutique.
  2867 | D:3      | Found a bloodstained altar of Trog.
  2919 | D:3      | Reached XP level 6. HP: 47/47 MP: 6/6
  3434 | D:4      | Reached skill level 5 in Evocations
  3510 | D:4      | Reached skill level 5 in Maces & Flails
  3968 | D:4      | Reached XP level 7. HP: 41/52 MP: 7/7
  4067 | D:4      | Reached skill level 6 in Evocations
  4330 | D:4      | Noticed a wyvern
  4338 | D:4      | Killed a wyvern
  4547 | D:5      | Entered Level 5 of the Dungeon
  4547 | D:5      | Noticed Eustachio
  4563 | D:4      | Killed Eustachio
  4564 | D:4      | Reached skill level 7 in Evocations
  4564 | D:4      | Reached XP level 8. HP: 39/58 MP: 8/8
  4780 | D:5      | Killed from afar by a steam dragon

Illustrated notes

Levels and vault maps discovered:
D:1:      lemuel_arrival_rhombus, layout_loops_ring,
          shapermc_ecumenical_altar_flowoftime, minmay_tetromino_l2
D:2:      layout_basic, kennysheep_nub, uniq_crazy_yiuf_cottage
D:3:      layout_basic, marbit_many_paths, nzn_wu_jian_council_hall,
          nicolae_ashenzari_skybound, serial_shops, shop
D:4:      layout_loops_corners
D:5:      layout_layer_cave, amcnicky_altar_gilded, uniq_eustachio

Skill      XL: |  1  2  3  4  5  6  7 |
---------------+----------------------+-----
Maces & Flails | 2 3 4 5 6 |  6.4
Evocations     | 1 3 4 5 7 |  7.7
Fighting       | |  3.0
Armour         | |  2.6
Shields        | |  2.1

Action                     |  1- 3 |  4- 6 |  7- 9 || total
---------------------------+-------+-------+-------++-------
  Melee: Flail             |    74 |    79 |    33 ||   186
         Dagger            |    17 |    20 |       ||    37
         Mace              |       |    62 |    31 ||    93
 Invoke: Divine Shield     |       |       |     1 ||     1
 Armour: Scale mail        |    48 |       |       ||    48
         Chain mail        |     7 |       |       ||     7
         Plate armour      |    23 |    96 |    45 ||   164
  Dodge: Dodged            |    30 |    22 |     8 ||    60
  Block: Buckler           |    18 |       |       ||    18

Table legend: (Time is in decaauts)
 A = Elapsed time spent in this place.
 B = Non-inter-level travel time spent in this place.
 C = Inter-level travel time spent in this place.
 D = Time resting spent in this place.
 E = Time spent auto-exploring this place.
 F = Levels seen in this place.
 G = Mean time per level.
                   A        B        C        D        E       F      G
               +--------+--------+--------+--------+--------+-----+--------+
         Total |   4817 |   4507 |    310 |    506 |   3325 |   5 |  963.4 |
       Dungeon |   4817 |   4507 |    310 |    506 |   3325 |   5 |  963.4 |
               +--------+--------+--------+--------+--------+-----+--------+

Top non-repeatable levels by time:
     D:4: 1447 daAuts
     D:2: 1265 daAuts
     D:1: 1012 daAuts
     D:3: 931 daAuts
     D:5: 161 daAuts
